 Dungeon Crawl Stone Soup version 0.20.0-15-g7f486f2 (webtiles) character file.

59 anfisbena the Slasher (level 3, -1/43 HPs)
             Began as a Demonspawn Berserker on June 15, 2017.
             Was a Believer of Trog.
             Slain by a gnoll
             ... wielding a +2 whip of freezing
              (2 damage)
             ... on level 2 of the Dungeon.
             The game lasted 00:01:51 (1321 turns).

anfisbena the Slasher (Demonspawn Berserker)        Turns: 1321, Time: 00:01:52

Health: -1/43      AC:  4    Str: 22    XL:     3   Next: 78%
Magic:  3/3        EV: 13    Int:  8    God:    Trog [**....]
Gold:   91         SH:  0    Dex: 13    Spells: 2/2 levels left

rFire    . . .     SeeInvis .   a - +0 falchion
rCold    . . .     Gourm    .   (no shield)
rNeg     . . .     Faith    .   b - +0 animal skin
rPois    .         Spirit   .   (no helmet)
rElec    .         Reflect  .   (no cloak)
rCorr    .         Harm     .   (no gloves)
MR       .....                  (no boots)
Stlth    ..........             (no amulet)
Regen    0.2/turn               (no ring)
MPRegen  0.1/turn               (no ring)

@: berserking (expiring), very quick
A: slimy green scales 1
a: Berserk, Trog's Hand, Burn Spellbooks, Renounce Religion


You were on level 2 of the Dungeon.
You worshipped Trog.
Trog was pleased with you.
You were very hungry.

You visited 1 branch of the dungeon, and saw 2 of its levels.

You collected 91 gold pieces.

Inventory:

Hand Weapons
 a - a +0 falchion (weapon)
Armour
 b - a +0 animal skin (worn)
Scrolls
 j - a scroll of teleportation {unknown}
 k - 4 scrolls of identify {unknown}
 o - a scroll of fear {unknown}
 p - a scroll of enchant weapon {unknown}
Potions
 e - 2 potions of might {unknown}
 g - a potion of brilliance {unknown}
 h - a potion of flight {unknown}
 i - 2 potions of berserk rage {unknown}
 l - a potion of curing {unknown}
 n - a potion of haste {unknown}
Comestibles
 c - 3 bread rations
 d - 5 chunks of flesh
 f - 2 fruits
 m - a meat ration


   Skills:
 - Level 3.0 Fighting
 + Level 3.4 Long Blades
 - Level 1.7 Armour
 + Level 3.1 Dodging


You had 2 spell levels left.
You didn't know any spells.

Dungeon Overview and Level Annotations

Branches:
Dungeon (2/15)

Altars:


Innate Abilities, Weirdness & Mutations

You are partially covered in slimy green scales. (AC +2)


Message History

The gnoll completely misses you.
You riposte.
You hit the gnoll.
You kill the gnoll!
Trog accepts your kill. The gnoll misses you. The bat misses you.
You riposte.
You closely miss the bat. The bat hits you but does no damage.
The gnoll hits you with a spear.
* * * LOW HITPOINT WARNING * * *
The bat barely misses you.
You see here a spear.
You hit the gnoll.
The gnoll is almost dead.
The bat barely misses you.
You riposte.
You slash the bat!
You kill the bat!
Trog accepts your kill. The gnoll hits you with a spear!
* * * LOW HITPOINT WARNING * * *
The gnoll hits you with a whip of freezing.
* * * LOW HITPOINT WARNING * * *
The gnoll freezes you.
You die...

.# #.# #.# #.#####
#.#... ##.#######.#.#
#....†@g.....#####
#....gg...!..%.... ..
#..#######...########.
#. ...................
..#####.........##.#
#..>.........
###.........##.
................##.#
.######.#.......##.<


You could see 3 gnolls.

Vanquished Creatures
  A gnoll (D:2)
  An ooze (D:1)
  A dart slug (D:1)
  A leopard gecko (D:1)
  4 giant cockroaches (D:1)
  5 goblins (D:1)
  4 hobgoblins
  4 jackals (D:1)
  5 kobolds (D:1)
  A quokka (D:1)
  A ball python (D:1)
  7 bats
  A frilled lizard (D:2)
  4 rats
40 creatures vanquished.

Notes
Turn   | Place    | Note
-------+----------+-------------------------------------------
     0 | D:1      | anfisbena the Demonspawn Berserker began the quest for the Orb.
     0 | D:1      | Reached XP level 1. HP: 18/18 MP: 1/1
   283 | D:1      | Gained mutation: You are partially covered in slimy green scales. (AC +2) [demonic ancestry]
   283 | D:1      | Reached XP level 2. HP: 17/24 MP: 2/2
   684 | D:1      | Reached ** piety under Trog
   684 | D:1      | Reached XP level 3. HP: 28/29 MP: 3/3
  1321 | D:2      | HP: 1/43 [gnoll/whip of freezing (3)]
  1321 | D:2      | Slain by a gnoll

Skill      XL: |  1  2  3 |
---------------+----------+-----
Dodging        | 2 3 |  3.1
Long Blades    | 3 |  3.4
Fighting       | |  3.0
Armour         | |  1.7

Action                   || total
-------------------------++-------
Melee: Falchion          ||   100
Invok: Berserk           ||     1
 Stab: Sleeping          ||     3
  Eat: Chunk             ||     1
Armor: Animal skin       ||    24
Dodge: Dodged            ||    91
       Rpst.: Falchion   ||    29
